 Dungeon Crawl Stone Soup version 0.18.1-8-gdd0e5ea (webtiles) character file.

347 M4edhros the Bolt Thrower (level 6, -1/49 HPs)
             Began as a Formicid Hunter on June 5, 2016.
             Slain by a phantom (6 damage)
             ... on level 5 of the Dungeon.
             The game lasted 00:02:31 (2548 turns).

M4edhros the Bolt Thrower (Formicid Hunter)         Turns: 2548, Time: 00:02:32

Health: -1/49      AC:  4    Str: 20 (21) XL:     6   Next: 90%
Magic:  6/6        EV: 17    Int:  8 (10) God:
Gold:   129        SH:  2    Dex: 17 (18) Spells: 1 memorised, 2 levels left

rFire  + . .     SeeInvis +     h - +1 battleaxe of Spite {chop, +Rage Str+4 SInv}
rCold  . . .     Gourm    .     c - +0 leather armour
rNeg   . . .     Faith    .     (no shield)
rPois  .         Spirit   .     (helmet unavailable)
rElec  .         Dismiss  .     (no cloak)
rCorr  .         Reflect  .     l - +0 pair of gloves
SustAt .         Harm     .     (no boots)
MR     .....                    i - amulet of magic regeneration
Stlth  +++.......               (no ring)
                                k - ring of protection from fire

@: agile, not resistant to hostile enchantments, fairly stealthy
A: permanent stasis, dig shafts and tunnels, four strong arms, antennae 3, large
bone plates 1, deformed body, robust 1
a: Dig, Shaft Self


You were on level 5 of the Dungeon.
You were not hungry.

You visited 1 branch of the dungeon, and saw 5 of its levels.

You collected 129 gold pieces.

Inventory:

Hand Weapons
 a - a +1 hand crossbow
 b - a +0 short sword
 h - the +1 battleaxe of Spite (weapon) {chop, +Rage Str+4 SInv}
   (You found it on level 4 of the Dungeon)

   It inflicts extra damage upon your enemies.
   It affects your strength (+4).
   It lets you see invisible.
   It lets you go berserk.
Missiles
 d - 8 bolts
Armour
 c - a +0 leather armour (worn)
 l - a +0 pair of gloves (worn)
Jewellery
 i - an amulet of magic regeneration (around neck)
 k - a ring of protection from fire (left hand)
 s - an uncursed ring of sustain attributes {unknown}
Scrolls
 e - a scroll of random uselessness {unknown}
 g - 4 scrolls of remove curse {unknown}
 j - a scroll of recharging {unknown}
 n - a scroll of fog {unknown}
 o - 2 scrolls of enchant armour {unknown}
 u - 4 scrolls of identify {unknown}
 x - 2 scrolls of teleportation {unknown}
Potions
 p - 2 potions of curing
Books
 w - a Young Poisoner's Handbook

   Spells                             Type                      Level
   a - Sting                          Conjuration/Poison           1
   b - Cure Poison                    Poison                       2
   c - Mephitic Cloud                 Conjuration/Poison/Air       3
   d - Olgreb's Toxic Radiance        Poison                       4
   e - Venom Bolt                     Conjuration/Poison           5
Comestibles
 f - 3 bread rations
 m - 3 meat rations
 t - 5 fruits


   Skills:
 + Level 2.3 Fighting
 + Level 0.2 Axes
 - Level 7.6 Crossbows
 + Level 1.9 Dodging
 - Level 1.2 Stealth


You had 2 spell levels left.
You knew the following spells:

 Your Spells              Type           Power        Failure   Level  Hunger
a - Mephitic Cloud        Conj/Pois/Air  #.......     98%         3    ####...


Dungeon Overview and Level Annotations

Branches:
Dungeon (5/15)
 Temple: D:4-7

Altars:
Qazlal
Trog


Innate Abilities, Weirdness & Mutations

You are under a permanent stasis effect.
You can dig through walls and to a lower floor.
Your four strong arms can wield two-handed weapons with a shield.
You have a pair of large antennae on your head (SInv).
You are partially covered in large bone plates (AC +2, SH +2).
Armour fits poorly on your strangely shaped body.
You are robust (+10% HP).


Message History

The phantom closely misses you.
The orc wizard hits you but does no damage.
Drink which item? (? for menu, Esc to quit)
You feel agile all of a sudden. The phantom misses you.
The orc wizard hits you but does no damage.
Drink which item? (? for menu, Esc to quit)
It was a potion of degeneration.
There was something very wrong with that liquid.
You feel weakened.
You feel dopey.
You feel clumsy.
The crimson imp summons a swarm of flies.
The crimson imp blinks!
The phantom hits you.
* * * LOW HITPOINT WARNING * * *
The orc wizard completely misses you.
Drink which item? (? for menu, Esc to quit)
It was a potion of mutation.
You feel extremely strange.
Large bone plates grow over parts of your arms.
Your body twists and deforms.
You feel robust. The phantom hits you.
You die...

..#####..#####..
.....#..#......
.....#..#.W....##########
####..#..#..#####.........
.....a#..#.....{##########
#.....S#.5#......#
#..#####..#####..#
#....)...o.......#
#.....o..W@......#
##################


You could see a phantom, a worker ant, an orc wizard, a crimson imp, an adder
and an orc.

Vanquished Creatures
  A hound (D:4)
  4 orc wizards (D:4)
  3 orc priests (D:4)
  An iguana (D:4)
  A worker ant (D:5)
  2 adders
  2 giant geckos
  10 orcs
  3 bats
  A giant cockroach (D:1)
  3 goblins
  4 hobgoblins
  3 jackals (D:4)
  2 ball pythons (D:1)
  2 giant gecko skeletons (D:4)
  A giant newt (D:3)
  A kobold (D:2)
  7 rats
51 creatures vanquished.

Notes
Turn   | Place    | Note
--------------------------------------------------------------
     0 | D:1      | M4edhros the Formicid Hunter began the quest for the Orb.
     0 | D:1      | Reached XP level 1. HP: 16/16 MP: 1/1
   222 | D:1      | Reached XP level 2. HP: 22/22 MP: 2/2
   601 | D:2      | Reached XP level 3. HP: 27/27 MP: 3/3
   667 | D:2      | Reached skill level 5 in Crossbows
   897 | D:3      | Found a stormy altar of Qazlal.
   919 | D:4      | Reached XP level 4. HP: 29/33 MP: 4/4
   927 | D:4      | Reached skill level 6 in Crossbows
   927 | D:4      | Reached XP level 5. HP: 30/38 MP: 5/5
  1181 | D:4      | Reached XP level 6. HP: 24/44 MP: 6/6
  1193 | D:4      | Reached skill level 7 in Crossbows
  1748 | D:4      | Found a bloodstained altar of Trog.
  1976 | D:4      | Got a polished battleaxe
  1977 | D:4      | Identified the +1 battleaxe of Spite {chop, +Rage Str+4 SInv} (You found it on level 4 of the Dungeon)
  2159 | D:5      | Entered Level 5 of the Dungeon
  2461 | D:5      | Learned a level 3 spell: Mephitic Cloud
  2515 | D:5      | Noticed a phantom
  2548 | D:5      | Gained mutation: You are partially covered in large bone plates (AC +2, SH +2). [potion of mutation]
  2548 | D:5      | Gained mutation: Armour fits poorly on your strangely shaped body. [potion of mutation]
  2548 | D:5      | Gained mutation: You are robust (+10% HP). [potion of mutation]
  2548 | D:5      | Slain by a phantom

Skill      XL: |  1  2  3  4  5  6 |
---------------+-------------------+-----
Crossbows      | 5 6 7 |  7.6
Fighting       | |  2.3
Axes           | |  0.2
Dodging        | |  1.9
Stealth        | |  1.2

Action                   |  1- 3 |  4- 6 || total
-------------------------+-------+-------++-------
Melee: Short sword       |       |    29 ||    29
       Battleaxe         |       |    24 ||    24
 Fire: Hand crossbow     |    56 |    44 ||   100
  Use: Potion            |       |     7 ||     7
 Stab: Invisible         |       |     8 ||     8
  Eat: Chunk             |       |     5 ||     5
Armor: Leather armour    |     7 |    19 ||    26
Dodge: Dodged            |     9 |    53 ||    62
